 Dungeon Crawl Stone Soup version 0.27.1-3-gb3d3a73c9e (webtiles) character file.

Game seed: 483955635140244893

17344 TheGamechu the Fighter (level 12, -1/99 HPs)
             Began as a Djinni Ice Elementalist on Oct 5, 2021.
             Was an Elder of Ashenzari.
             Slain by Urug (5 damage)
             ... while petrified by a catoblepas
             ... on level 1 of the Lair of Beasts on Oct 6, 2021.
             The game lasted 01:14:57 (18790 turns).

TheGamechu the Fighter (Djinni Ice Elementalist)   Turns: 18790, Time: 01:14:58

Health: -1/99      AC: 21    Str: 17    XL:     12   Next: 81%
Gold:   536        EV:  2    Int: 23    God:    Ashenzari [****..] SH:  0 Dex: 15

rFire    + + .     SeeInvis +   E - +3 scimitar "Restrained With Me" {flame, Evo, Melee} (curse)
rCold    + . .     Faith    .   B - +5 buckler "Ensconced With Me" {Str+7, Fort, Self} (curse)
rNeg     + + +     Spirit   .   a - +4 scale mail of the Unyielding Gaze {Int+2, Evo, Self} (curse)
rPois    ∞         Reflect  +   (no helmet)
rElec    .         Harm     .   l - +2 cloak of the Esoteric Elitism {Stlth+, Cun, Fort} (curse)
rCorr    .         Rampage  .   n - +0 pair of gloves "Profound Stickiness" {rC+ Str+3, Evo, Cun} (curse)
Will     +....     Clarity  +   (boots unavailable)
Stlth    +++.......             b - amulet of reflection
HPRegen  0.26/turn              o - +4 ring of protection
MPRegen  0.00/turn              G - ring of the Profound Inaction {rC+, Evo, Melee} (curse)

@: petrified, flying
A: sickness immunity, fire resistance 2, cold vulnerability 1, float, innate
caster, hp casting, extra vitality 1
a: Renounce Religion, Curse Item, Shatter the Chains


You were on level 1 of the Lair of Beasts.
You worshipped Ashenzari.
Ashenzari was greatly pleased with you.
You visited 3 branches of the dungeon, and saw 14 of its levels.
You also visited: Sewer and Ossuary.

You collected 734 gold pieces.
You spent 198 gold pieces at shops.

Inventory:

Hand Weapons
 t - a +2 dagger of venom
 E - the cursed +3 scimitar "Restrained With Me" (weapon) {flame, Evo, Melee}
   (You took it off a wight on level 6 of the Dungeon)

   It burns those it strikes, dealing additional fire damage.
   Big, fiery blades are also staple armaments of hydra-hunters.
   It has a curse which improves the following skills: Evocations: Evocations.
   Melee Combat: Short Blades, Long Blades, Axes, Maces & Flails, Polearms,
   Staves and Unarmed Combat.
Missiles
 e - 3 throwing nets
 m - 38 poisoned darts (quivered)
 q - 9 boomerangs
Armour
 a - the cursed +4 scale mail of the Unyielding Gaze (worn) {Int+2, Evo, Self}
   (You bought it in a shop on level 6 of the Dungeon)

   Int:       It affects your intelligence (+2).
   It has a curse which improves the following skills: Evocations: Evocations.
   Introspection: Fighting and Spellcasting.
 l - the cursed +2 cloak of the Esoteric Elitism (worn) {Stlth+, Cun, Fort}
   (You found it on level 3 of the Dungeon)

   It has a curse which improves the following skills: Cunning: Dodging and
   Stealth.
   Fortitude: Armour and Shields.
 n - the cursed +0 pair of gloves "Profound Stickiness" (worn) {rC+ Str+3, Evo, Cun}
   (You acquired it on level 3 of the Dungeon)

   Str:       It affects your strength (+3).
   rC:        It protects you from cold.
   It has a curse which improves the following skills: Evocations: Evocations.
   Cunning:   Dodging and Stealth.
 B - the cursed +5 buckler "Ensconced With Me" (worn) {Str+7, Fort, Self}
   (You found it on level 9 of the Dungeon)

   Str:       It affects your strength (+7).
   It has a curse which improves the following skills: Fortitude: Armour and
   Shields.
   Introspection: Fighting and Spellcasting.
Jewellery
 b - an amulet of reflection (around neck)
 d - a ring of fire
 o - a +4 ring of protection (left hand)
 G - the cursed ring of the Profound Inaction (right hand) {rC+, Evo, Melee}
   (You found it on level 9 of the Dungeon)

   [ring of protection from cold]

   rC:        It protects you from cold.
   It has a curse which improves the following skills: Evocations: Evocations.
   Melee Combat: Short Blades, Long Blades, Axes, Maces & Flails, Polearms,
   Staves and Unarmed Combat.
Wands
 g - a wand of charming (9)
 h - a wand of iceblast (5)
 C - a wand of polymorph (5)
 D - a wand of acid (7)
 F - a wand of flame (17)
Scrolls
 c - 2 scrolls of fog
 j - 3 scrolls of blinking
 k - 5 scrolls of teleportation
 p - 2 scrolls of fear
 s - 4 scrolls of magic mapping
 u - 2 scrolls of summoning
 v - 2 scrolls of silence
 y - 3 scrolls of enchant armour
Potions
 f - 4 potions of haste
 i - 2 potions of resistance
 r - 7 potions of curing
 x - a potion of cancellation
 z - a potion of brilliance
 A - 3 potions of might


   Skills:
 + Level 10.4(13.6) Fighting
 + Level 8.1(11.6) Long Blades
 - Level 5.0(8.4) Armour
 - Level 6.4(9.9) Dodging
 - Level 4.2(7.5) Stealth
 - Level 2.5(5.3) Shields
 + Level 9.2(12.5) Spellcasting
 - Level 3.3(8.1) Evocations


You had 12 spell levels left.
You knew the following spells:

 Your Spells              Type           Power      Damage    Failure   Level
a - Freeze                Ice            100%       1d11      1%          1
b - Frozen Ramparts       Ice            100%       1d12      1%          3
c - Ozocubu's Armour      Ice            64%        N/A       1%          3
d - Hailstorm             Conj/Ice       64%        3d14      1%          4
e - Apportation           Tloc           100%       N/A       1%          1
f - Call Imp              Summ           64%        N/A       1%          2
g - Wereblood             Tmut           64%        N/A       1%          2
h - Portal Projectile     Hex/Tloc       100%       N/A       1%          3
i - Freezing Cloud        Conj/Ice/Air   32%        6-21      1%          5
Your spell library was empty.

Dungeon Overview and Level Annotations

Branches:
Dungeon (11/15)            Temple (1/1) D:7            Lair (2/6) D:11
    Orc (0/2) D:10          Sewer (visited)         Ossuary (visited)
  Swamp: Lair:2-4    Shoals: Lair:2-4     Snake: Lair:2-4    Spider: Lair:2-4

Altars:
Ashenzari
Cheibriados
Dithmenos
Elyvilon
Fedhas
Gozag
Hepliaklqana
Kikubaaqudgha
Makhleb
Nemelex Xobeh
Okawaru
Qazlal
Ru
Sif Muna
Trog
Uskayaw
Vehumet
Wu Jian
Xom
Yredelemnul
Zin
The Shining One

Shops:
D:3 !   D:5 !   D:6 [   D:9 :

Annotations:
D:4 Grinder
D:9 1 runed translucent door, nxtlvl's ghost, novice DrBe
Lair:1 Urug


Innate Abilities, Weirdness & Mutations

You are immune to sickness and miasma.
You are immune to poison.
Your flesh is very heat resistant. (rF++)
You are vulnerable to cold. (rC-)
You float through the air rather than walking.
You learn spells naturally, not from books.
Your magical power is your life essence.
You have superior vitality. (+4 HP)


Message History

The blink frog hits you but does no damage.
Urug hits you with a +2 war axe.
The catoblepas gores you but does no damage.
The blink frog hits you but does no damage.
Urug hits you but does no damage.
The catoblepas breathes a plume of calcifying dust at you.
The blast of calcifying dust hits you but does no damage.
The blast of calcifying dust hits the blink frog.
The blink frog hits you but does no damage.
You turn to flesh and can move again.
There is a stone staircase leading up here.
You are engulfed in calcifying dust.
You are slowing down.
The blink frog is engulfed in calcifying dust.
The blink frog is moving more slowly.
The blink frog hits you.
The blink frog hits you but does no damage.
Urug hits you with a +2 war axe! The catoblepas gores you!
You fly upwards.
You have turned to stone.
The blink frog blinks!
Urug hits you but does no damage. The catoblepas gores you!
Urug hits you with a +2 war axe!
* * * LOW HITPOINT WARNING * * *
The catoblepas gores you but does no damage.
The blink frog hits you but does no damage.
Urug hits you with a +2 war axe.
* * * LOW HITPOINT WARNING * * *
The catoblepas gores you but does no damage.
The blink frog blinks!
Urug hits you with a +2 war axe.
* * * LOW HITPOINT WARNING * * *
The catoblepas gores you.
* * * LOW HITPOINT WARNING * * *
Urug hits you with a +2 war axe!
* * * LOW HITPOINT WARNING * * *
The catoblepas gores you!
* * * LOW HITPOINT WARNING * * *
Urug hits you with a +2 war axe!
* * * LOW HITPOINT WARNING * * *
The catoblepas gores you but does no damage.
Urug hits you with a +2 war axe!
You die...

## ###
##.#############P############
#....................###.######
##.............................##
#...............@o.............#.
................Y................
................F................
.......†...............##.####...
........#........^...#########...
.......#............#### #.#.#
#.....##..÷........### #####
##....###.........## ##...##
#####.#####


You could see a catoblepas, Urug and a blink frog.

Vanquished Creatures
  A hydra (Lair:1)
  A two-headed ogre (D:11)
  Erica (D:10)
  Pikel (D:6)
  A deep elf pyromancer (D:9)
  An ugly thing (D:9)
  A cyclops (D:9)
  2 centaur zombies
  A black mamba (Lair:1)
  6 cane toads (Lair:1)
  A kobold demonologist (D:11)
  A komodo dragon (Lair:1)
  An unseen horror (D:11)
  3 trolls
  A slime creature (D:9)
  4 blink frogs (Lair:1)
  3 wyverns
  2 wraiths
  A basilisk (D:11)
  14 yaks
  2 steam dragons
  A warg (D:10)
  An acid dragon (D:11)
  Edmund (D:4)
  4 water moccasins
  3 sky beasts
  5 orc warriors
  2 black bears
  An ice beast (D:5)
  A necrophage (D:5)
  An ogre (D:7)
  2 centaurs
  A phantom (D:6)
  2 lemures (D:6)
  3 kobold brigands
  4 bullfrogs
  2 gnoll sergeants
  3 scorpions
  A water moccasin zombie (D:5)
  A water moccasin skeleton (D:2)
  13 wights
  6 howler monkeys
  2 hounds
  A gnoll shaman (D:6)
  A jelly (D:5)
  11 orc priests
  Crazy Yiuf (D:3)
  A centaur skeleton (D:6)
  3 iguanas (D:5)
  8 orc wizards
  7 mummies (Ossuary)
  A howler monkey zombie (D:8)
  18 gnolls
  5 adders
  A white imp (D:7)
  An ufetubus (D:6)
  2 worms (D:3)
  28 orcs
  6 ball pythons
  4 endoplasms
  4 giant cockroaches
  4 goblins
  7 hobgoblins
  7 jackals
  19 kobolds
  3 quokkas (D:1)
  7 bats
  3 frilled lizards
  2 gnoll skeletons (Ossuary)
  3 goblin skeletons (Ossuary)
  A kobold skeleton (Ossuary)
  5 rats
  11 rat skeletons (Ossuary)
284 creatures vanquished.

Vanquished Creatures (collateral kills)
  A two-headed ogre (D:9)
  Menkaure (D:7)
  A necrophage (D:5)
  A phantom (D:4)
  Blork the orc (D:4)
  2 wights
  A centaur zombie (D:5)
  A jelly (D:5)
  4 mummies (Ossuary)
  2 gnolls (D:11)
  4 orcs
  A gnoll skeleton (Ossuary)
  A kobold skeleton (Ossuary)
21 creatures vanquished.

Vanquished Creatures (others)
  A white imp (D:7)
  2 fungi (D:11)
  9 plants
12 creatures vanquished.

Grand Total: 317 creatures vanquished

Notes
Turn   | Place    | Note
-------+----------+-------------------------------------------
     0 | D:1      | TheGamechu the Djinni Ice Elementalist began the quest for
                  | the Orb.
     0 | D:1      | Reached XP level 1. HP: 15/15 MP: 0/0
   255 | D:1      | Reached XP level 2. HP: 14/22 MP: 0/0
   385 | D:1      | Found a faded altar of an unknown god.
   388 | D:1      | Became a worshipper of Ashenzari the Shackled
   399 | D:1      | Identified the Almanac of Creative Necromancy
  1182 | D:2      | Reached XP level 3. HP: 25/26 MP: 0/0
  1182 | D:2      | Learned a level 1 spell: Apportation
  1242 | D:2      | Reached skill level 1 in Fighting
  1249 | D:2      | Reached XP level 4. HP: 10/32 MP: 0/0
  3223 | D:2      | Reached XP level 5. HP: 22/38 MP: 0/0
  3223 | D:2      | Learned a level 2 spell: Call Imp
  3462 | D:3      | Found a glowing drain.
  3493 | Sewer    | Entered a sewer
  3517 | Sewer    | Reached skill level 2 in Fighting
  3654 | Sewer    | Noticed a water moccasin
  3677 | Sewer    | Killed a water moccasin
  3678 | Sewer    | Reached XP level 6. HP: 11/45 MP: 0/0
  4141 | D:3      | Found Ydghuq's Distillery.
  4279 | D:3      | Found a runed translucent door.
  4280 | D:3      | Noticed Crazy Yiuf
  4296 | D:3      | Killed Crazy Yiuf
  4681 | D:3      | Identified a scroll of acquirement
  4686 | D:3      | Acquired the +0 pair of gloves "Anlabes" {rC+ Str+3}
  4767 | D:3      | Reached XP level 7. HP: 31/49 MP: 0/0
  4767 | D:3      | Learned a level 2 spell: Wereblood
  4894 | D:4      | Noticed Edmund
  4918 | D:4      | Killed Edmund
  4919 | D:4      | Reached skill level 3 in Fighting
  6019 | D:4      | Noticed Blork the orc
  6039 | D:4      | Killed Blork the orc
  6040 | D:4      | Reached XP level 8. HP: 30/58 MP: 0/0
  6381 | D:4      | Reached skill level 5 in Dodging
  6583 | D:5      | Entered Level 5 of the Dungeon
  6591 | D:5      | Reached skill level 4 in Fighting
  6610 | D:5      | Reached * piety under Ashenzari
  6649 | D:5      | Reached skill level 1 in Armour
  6649 | D:5      | Reached skill level 5 in Spellcasting
  6863 | D:5      | Found a hazy altar of Hepliaklqana.
  6935 | D:4      | Noticed Grinder
  7103 | D:5      | Found a sand-covered staircase.
  7111 | Ossuary  | Entered an ossuary
  7261 | Ossuary  | Reached XP level 9. HP: 58/64 MP: 0/0
  7261 | Ossuary  | Learned a level 3 spell: Portal Projectile
  7403 | Ossuary  | Reached skill level 5 in Fighting
  8383 | D:5      | Found Eclum's Distillery.
  8782 | D:6      | Reached skill level 1 in Long Blades
  9065 | D:6      | Found a burning altar of Makhleb.
  9071 | D:6      | Found a stormy altar of Qazlal.
  9277 | D:6      | Noticed Pikel
  9311 | D:6      | Killed Pikel
  9312 | D:6      | Reached skill level 6 in Fighting
  9313 | D:6      | Reached XP level 10. HP: 27/73 MP: 0/0
  9769 | D:6      | Found a bloodstained altar of Trog.
  9850 | D:6      | Reached skill level 5 in Armour
  9967 | D:6      | Found Deiteic's Antique Armour Boutique.
  9975 | D:6      | Bought a masterwork scale mail for 198 gold pieces
  9975 | D:6      | Identified the +4 scale mail of the Enchanted Forest
                  | {Int+2} (You bought it in a shop on level 6 of the Dungeon)
 10482 | D:7      | Noticed Menkaure
 10985 | D:7      | Killed Menkaure
 11453 | D:7      | Found a staircase to the Ecumenical Temple.
 11456 | D:7      | Reached skill level 7 in Fighting
 11622 | Temple   | Entered the Ecumenical Temple
 12042 | D:7      | Reached ** piety under Ashenzari
 13485 | D:8      | Reached *** piety under Ashenzari
 13866 | D:9      | Reached skill level 8 in Fighting
 13866 | D:9      | Reached skill level 5 in Long Blades
 13866 | D:9      | Reached XP level 11. HP: 23/85 MP: 0/0
 13866 | D:9      | Learned a level 5 spell: Freezing Cloud
 14248 | D:9      | Noticed a cyclops
 14259 | D:9      | Killed a cyclops
 14260 | D:9      | Reached skill level 1 in Shields
 14534 | D:9      | Identified the +1 leather armour of Barnacled Brilliance
                  | {rC+ Regen+ Str+3}
 14538 | D:9      | Identified the +5 buckler of Activism {Str+7}
 14544 | D:9      | Noticed a deep elf pyromancer
 14552 | D:9      | Killed a deep elf pyromancer
 14593 | D:9      | Noticed a two-headed ogre
 14594 | D:9      | Noticed a purple ugly thing
 14602 | D:9      | Killed a two-headed ogre
 14606 | D:9      | Killed a purple ugly thing
 14874 | D:9      | Found Qeapsoru's Book Shop.
 15097 | D:9      | Found a runed translucent door.
 15099 | D:9      | Noticed nxtlvl's ghost (novice DrBe)
 15100 | D:9      | Identified the +3 spear "Vecuetz" {drain, *Corrode Str+7}
 15342 | D:10     | Entered Level 10 of the Dungeon
 15716 | D:10     | Noticed Erica
 15734 | D:10     | Reached skill level 9 in Fighting
 15734 | D:10     | Killed Erica
 15957 | D:10     | Found a staircase to the Orcish Mines.
 16285 | D:11     | Reached XP level 12. HP: 72/95 MP: 0/0
 16442 | D:11     | Noticed a boulder beetle
 16841 | D:11     | Noticed a two-headed ogre
 16854 | D:11     | Killed a two-headed ogre
 17171 | D:11     | Noticed a boulder beetle
 17476 | D:11     | Found a staircase to the Lair.
 17489 | D:11     | Reached skill level 1 in Evocations
 17708 | Lair:1   | Entered Level 1 of the Lair of Beasts
 17719 | Lair:1   | Reached skill level 10 in Fighting
 18047 | Lair:1   | Reached **** piety under Ashenzari
 18149 | Lair:1   | Noticed a five-headed hydra
 18157 | Lair:1   | Killed a one-headed hydra
 18764 | Lair:2   | Noticed a catoblepas
 18765 | Lair:2   | Noticed Urug
 18789 | Lair:1   | HP: 3/99 [Urug (6)]
 18790 | Lair:1   | Slain by Urug

Illustrated notes

Levels and vault maps discovered:
D:1:      minmay_arrival_loop, layout_loops_cross, ebering_ecumenical_altar_rust
D:2:      layout_basic
D:3:      layout_loops_ring, serial_shops, shop, cheibrodos_sewer_entry_drain,
          kennysheep_generic_room_8, uniq_crazy_yiuf_cottage
D:4:      layout_basic, uniq_blork_the_orc, uniq_grinder, uniq_edmund
D:5:      layout_rooms, overflow_temple_1_default, chequers_ossuary_entry_cave,
          serial_shops, nicolae_stop_n_shop_2
D:6:      layout_gridville, mainiacjoe_overflow_small_starburst,
          mainiacjoe_overflow_large_starburst, serial_shops,
          nicolae_shop_statue_plus, chequers_garden, chequers_avenue, uniq_pikel
D:7:      layout_rooms, minmay_temple_entry_arrows, grunt_decor_fettered,
          uniq_menkaure
D:8:      layout_gridville, lightli_minifort
D:9:      layout_basic, ebering_ghost_funeral_grove, serial_shops,
          nicolae_square_shop, minmay_misc_feat_tiny, minivault_24,
          minmay_diamond_spiral
D:10:     layout_small_grid, david_orc_3, grunt_ministairs_2, uniq_erica
D:11:     layout_long_grid, david_lair_generic
Temple:   dpeg_five_rooms_temple
Lair:1:   layout_gridlike, cheibrodos_lair_reptile_den
Lair:2:   layout_big_grid, guppyfry_snake_entry_island, st_stairs_12,
          minmay_lair_oklob_chamber, grunt_megastairs_3, uniq_urug

Skill      XL: |  1  2  3  4  5  6  7  8  9 10 11 12 |
---------------+-------------------------------------+-----
Stealth        | 2 3 4 |  4.2
Fighting       | 1 2 3 4 6 8 9 10 | 10.4
Dodging        | 3 4 6 |  6.4
Spellcasting   | 4 5 6 7 8 9 |  9.2
Armour         | 2 4 5 |  5.0
Long Blades    | 2 5 6 8 |  8.1
Shields        | 2 |  2.5
Evocations     | 3 |  3.3

Action                   |  1- 3 |  4- 6 |  7- 9 | 10-12 || total
-------------------------+-------+-------+-------+-------++-------
Melee: Dagger            |    21 |    95 |   365 |   278 ||   759
       Unarmed           |     1 |       |       |       ||     1
       Scimitar          |       |       |       |   205 ||   205
       Falchion          |       |       |       |    27 ||    27
Throw: Dart              |       |       |       |     8 ||     8
 Cast: Freeze            |    22 |    35 |     4 |       ||    61
       Frozen Ramparts   |     1 |     5 |    14 |    14 ||    34
       Ozocubu's Armour  |     1 |     3 |    11 |    18 ||    33
       Call Imp          |       |       |    36 |    53 ||    89
       Apportation       |       |       |     2 |       ||     2
       Wereblood         |       |       |     1 |       ||     1
       Hailstorm         |       |       |    10 |    27 ||    37
       Freezing Cloud    |       |       |       |    23 ||    23
Invok: Curse Item        |     1 |       |     2 |     5 ||     8
       Shatter the Chain |       |     1 |       |     1 ||     2
Evoke: Wand              |       |       |       |     2 ||     2
  Use: Potion            |       |     1 |     2 |     2 ||     5
       Scroll            |       |     1 |       |     5 ||     6
 Stab: Sleeping          |     1 |     8 |    20 |     7 ||    36
       Distracted        |       |       |     1 |     3 ||     4
Armor: Robe              |     6 |    30 |    99 |       ||   135
       Scale mail        |       |       |       |   231 ||   231
       Ring mail         |       |       |       |    40 ||    40
Dodge: Dodged            |    28 |   111 |   300 |   372 ||   811
Block: Buckler           |       |       |       |   104 ||   104
       Rpst.: Falchion   |       |       |       |     7 ||     7
       Scimitar          |       |       |       |    32 ||    32
